cohdb
Replays
Latest Replays
All Replays
Popular Replays
Top Player Replays
Match Explorer
How It Works
Community
CoH3 Stats
Reddit
Sign in to upload your games and track your stats! →
Sign in with Steam
Match 39492514
Unlisted
Match 39492514
Overview
Messages
Build Orders
End
Construct Section Command Post
Vickers Machine Gun Team
Infantry Section
Infantry Section
Dingo Light Scout Car
Construct Platoon Command Post
Selects Air and Sea Battlegroup
Selects Supply Surplus
Construct Field Infirmary
Unlock Bishop Self-propelled Artillery
Forward Retreat Point
Selects UNKNOWN (223837)
Bishop Self-propelled Artillery
Bismarck
Flobby
BiGZ
[EPIC]SAGEKING
Kanade
罐头鸟巢
Valkyrie_Tone
114514
0
0
Comments
sign in to comment!
No comments posted yet!